 Dungeon Crawl Stone Soup version 0.24-a0-584-g9d6b971ae4 (webtiles) character file.

Game seed: 7489918092127742655, levelgen mode: deterministic

93 Mithandil the Skirmisher (level 4, -2/35 HPs)
             Began as a Demonspawn Abyssal Knight on Sept 3, 2019.
             Was a Follower of Lugonu.
             Slain by an orc
             ... wielding a +0 mace
              (4 damage)
             ... on level 3 of the Dungeon.
             The game lasted 00:05:48 (1597 turns).

Mithandil the Skirmisher (DsAK)                     Turns: 1597, Time: 00:05:48

Health: -2/35      AC: 11    Str: 13    XL:     4   Next: 36%
Magic:  6/6        EV:  6    Int: 13    God:    Lugonu [*.....]
Gold:   92         SH:  0    Dex: 13    Spells: 3/3 levels left

rFire    . . .     SeeInvis .   a - +1 falchion
rCold    . . .     Gourm    .   (no shield)
rNeg     . . .     Faith    .   k - +0 chain mail
rPois    .         Spirit   .   (no helmet)
rElec    .         Reflect  .   (no cloak)
rCorr    .         Harm     .   (no gloves)
MR       .....                  h - +0 pair of boots
Stlth    ..........             (no amulet)
HPRegen  0.11/turn              i - ring of flight
MPRegen  0.10/turn              (no ring)

@: confused
A: molten scales 1, powered by death 2
a: Depart the Abyss, Renounce Religion, Evoke Flight


You were on level 3 of the Dungeon.
You worshipped Lugonu.
Lugonu was aware of your devotion.
You were not hungry.

You visited 1 branch of the dungeon, and saw 3 of its levels.
You visited the Abyss 1 time.

You collected 92 gold pieces.

Inventory:

Hand Weapons
 a - a +1 falchion (weapon)
Missiles
 d - 57 stones
 e - 13 bolts
 m - 10 poisoned darts (quivered)
Armour
 h - a +0 pair of boots (worn)
 k - a +0 chain mail (worn)
Jewellery
 i - a ring of flight (left hand)
Scrolls
 f - a scroll of teleportation
 g - a scroll of identify {unknown}
 j - a scroll of blinking
 n - a scroll of magic mapping {unknown}
 o - a scroll of fear {unknown}
Potions
 l - 2 potions of curing
Comestibles
 b - 3 chunks of flesh
 c - 5 rations


   Skills:
 + Level 3.2 Fighting
 * Level 2.7 Long Blades
 + Level 2.2 Armour
 + Level 1.3 Dodging
 + Level 1.0 Stealth
 + Level 1.0 Unarmed Combat
 + Level 2.9 Invocations


You had 3 spell levels left.
You didn't know any spells.
Your spell library was empty.

Dungeon Overview and Level Annotations

Branches:
Dungeon (3/15)

Altars:


Innate Abilities, Weirdness & Mutations

You are partially covered in molten scales. (AC +2)
You regenerate health from kills.


Message History

You closely miss the jackal.
The jackal is almost dead.
The jackal barely misses you. The orc hits you but does no damage.
The orc wizard points at you and mumbles some strange words.
You are more confused.
The jackal bites you but does no damage.
You hit the jackal.
You kill the jackal!
Lugonu accepts your kill. The orc barely misses you.
The orc wizard gestures wildly while chanting.
The orc wizard flickers and vanishes!
Deactivating autopickup; reactivate with Ctrl-A.
You bump into the rock wall.
Something hits you but does no damage. The orc barely misses you.
The orc hits you with a +0 dagger.
* * * LOW HITPOINT WARNING * * *
Unknown command.
You're too confused to move!
Something hits you but does no damage. The orc barely misses you.
The orc hits you with a +0 mace.
You die...

### ##
########.# #.
.......<.#
#.##########.#
#.{@# ..#
##oo# ###
#....hho..?...
#.###..o###...
..... .
#######


You could see 4 orcs and 2 jackals.

Vanquished Creatures
  An orc wizard (D:3)
  2 adders (D:2)
  An ooze (D:1)
  A worm (D:2)
  A dart slug (D:1)
  2 bats (D:2)
  4 giant cockroaches
  9 goblins
  2 hobgoblins
  A jackal (D:3)
  2 frilled lizards
  8 kobolds
  4 rats
38 creatures vanquished.

Notes
Turn   | Place    | Note
-------+----------+-------------------------------------------
     0 | Abyss:1  | Mithandil the Demonspawn Abyssal Knight began the quest for
                  | the Orb.
     0 | Abyss:1  | Reached XP level 1. HP: 18/18 MP: 2/2
    45 | Abyss:1  | Noticed a small abomination
    45 | D:1      | Escaped the Abyss
   166 | D:1      | Reached skill level 1 in Dodging
   304 | D:1      | Gained mutation: You are partially covered in molten
                  | scales. (AC +2) [demonic ancestry]
   304 | D:1      | Reached XP level 2. HP: 24/24 MP: 3/3
   355 | D:1      | Reached * piety under Lugonu
   905 | D:2      | Gained mutation: You regenerate a little health from kills.
                  | [demonic ancestry]
   905 | D:2      | Reached XP level 3. HP: 25/29 MP: 4/4
  1156 | D:2      | Found a faded altar of an unknown god.
  1574 | D:3      | Reached skill level 1 in Stealth
  1574 | D:3      | Reached skill level 1 in Unarmed Combat
  1574 | D:3      | Gained mutation: You regenerate health from kills. [demonic
                  | ancestry]
  1574 | D:3      | Reached XP level 4. HP: 23/35 MP: 6/6
  1597 | D:3      | Slain by an orc

Levels and vault maps discovered:
D:1:      minmay_arrival_nine_rooms, layout_basic
D:2:      layout_loops_cross, chequers_ecumenical_altar_grove
D:3:      wad_woods_settlement, layout_basic, corexii_shack

Skill      XL: |  1  2  3 |
---------------+----------+-----
Long Blades    | 2 |  2.7
Dodging        | 1 |  1.3
Armour         | 2 |  2.2
Stealth        | 1 |  1.0
Unarmed Combat | 1 |  1.0
Fighting       | |  3.2
Invocations    | |  2.9

Action                   |  1- 3 |  4- 6 || total
-------------------------+-------+-------++-------
Melee: Falchion          |   112 |    17 ||   129
Invok: Depart the Abyss  |     1 |       ||     1
  Use: Potion            |     4 |       ||     4
       Scroll            |     2 |       ||     2
  Eat: Chunk             |     2 |       ||     2
Armor: Leather armour    |     4 |       ||     4
       Chain mail        |    61 |    35 ||    96
Dodge: Dodged            |    50 |    19 ||    69
       Rpst.: Falchion   |    16 |     1 ||    17

Table legend:
 A = Non-vault XP
 B = Vault XP
 C = Vault XP percentage of total XP
 D = Non-vault monster count
 E = Vault monster count
 F = Vault count percentage of total count
                 A         B        C        D         E       F
            +---------+---------+-------+---------+---------+-------
      Total |     133 |       0 |   0.0 |      38 |       0 |   0.0
            +---------+---------+-------+---------+---------+-------
        D:1 |      39 |       0 |   0.0 |      20 |       0 |   0.0
        D:2 |      52 |       0 |   0.0 |      16 |       0 |   0.0
        D:3 |      42 |       0 |   0.0 |       2 |       0 |   0.0
            +---------+---------+-------+---------+---------+-------
